 Dungeon Crawl Stone Soup version 0.29-a0-472-ge5599a681e (webtiles) character file.

Game seed: 10463025533350564126

1115 siradein the Skirmisher (level 8, -26/64 HPs)
             Began as a Mummy Fighter on May 23, 2022.
             Killed from afar by an acid dragon (27 damage)
             ... with a splash of acid
             ... on level 4 of the Dungeon.
             The game lasted 00:08:40 (4377 turns).

siradein the Skirmisher (Mummy Fighter)             Turns: 4377, Time: 00:08:40

Health: -26/64     AC:  5    Str: 20    XL:     8   Next: 12%
Magic:  8/8        EV:  7    Int:  9    God:
Gold:   273        SH:  0    Dex: 20    Spells: 7/7 levels left

rFire   . . .      SeeInvis .   a - +10 quarterstaff of Trauma {speed, rF+ Dex+3}
rCold   + . .      Faith    .   (shield currently unavailable)
rNeg    + + +      Spirit   .   j - +0 chain mail
rPois   ∞          Reflect  .   (no helmet)
rElec   .          Harm     .   (no cloak)
rCorr   .          Rampage  .   (no gloves)
Will    +....                   (no boots)
Stlth   ..........              (no amulet)
HPRegen 0.20/turn               l - +6 ring of dexterity
MPRegen 0.11/turn               (no ring)

@: corroded
A: cold resistance 1, negative energy resistance 3, torment resistance 2, heat
vulnerability 1, in touch with death 1, no potions
a: no special abilities


You were on level 4 of the Dungeon.
You visited 1 branch of the dungeon, and saw 5 of its levels.
You also visited: Sewer.

You collected 273 gold pieces.

Inventory:

Hand Weapons
 a - the +10 quarterstaff of Trauma (weapon) {speed, rF+ Dex+3}
   (You found it on level 2 of the Dungeon)

   Attacks with this weapon are significantly faster.
   Dex:       It affects your dexterity (+3).
   rF:        It protects you from fire.
Missiles
 f - 6 poisoned darts (quivered)
Armour
 c - a +0 buckler
 j - a +0 chain mail (worn)
Jewellery
 l - a +6 ring of dexterity (left hand)
Wands
 m - a wand of digging (3)
 n - a wand of flame (31)
Scrolls
 b - 2 scrolls of immolation {unknown}
 d - 3 scrolls of identify {unknown}
 e - 2 scrolls of enchant armour {unknown}
 g - 2 scrolls of poison {unknown}
 h - 3 scrolls of enchant weapon {unknown}
 i - a scroll of amnesia {unknown}
 o - a scroll of torment {unknown}
 p - a scroll of vulnerability {unknown}
 q - a scroll of teleportation {unknown}
 r - a scroll of acquirement {unknown}
 s - a scroll of summoning {unknown}
Miscellaneous
 k - a lightning rod (4/4)


   Skills:
 + Level 6.0 Fighting
 + Level 4.5 Maces & Flails
 + Level 4.9 Armour
 - Level 3.5 Shields


You had 7 spell levels left.
You didn't know any spells.
Your spell library contained the following spells:

 Spells                   Type           Power      Damage    Failure   Level
 Slow                     Hex            0%         N/A       98%         1
 Confusing Touch          Hex            0%         N/A       100%        3
 Vampiric Draining        Necr           0%         2d6       100%        3


Dungeon Overview and Level Annotations

Branches:
Dungeon (5/15)              Sewer (visited)
 Temple: D:4-7

Altars:
Makhleb
Vehumet
Wu Jian

Shops:
D:3 (


Innate Abilities, Weirdness & Mutations

You are immune to poison.
Your flesh is cold resistant. (rC+)
You are immune to negative energy. (rN+++)
You are immune to unholy pain and torment.
You are vulnerable to heat. (rF-)
You are in touch with the powers of death.
You do not drink.


Message History

You thump the iguana!
You kill the iguana!
No target in view!
No target in view!
You start resting.
HP restored.
You climb downwards.
The orc barely misses you.
The orc wizard gestures at you while chanting.
The puff of flame hits you. The acid dragon spits acid at you.
The splash of acid hits you! The acid corrodes you! The orc closely misses you.
The orc wizard mumbles some strange words.
The orc wizard flickers and vanishes!
Deactivating autopickup; reactivate with Ctrl-A.
You hear a bark!
There is a stone staircase leading up here.
The orc hits you but does no damage. The acid dragon spits acid at you.
The splash of acid hits you!!
You climb upwards.
Reactivating autopickup.
There is a stone staircase leading down here.
Unknown command.
The orc hits you with a +0 dagger.
The acid dragon bites you but does no damage.
The acid dragon claws you.
You see here a scorpion corpse.
The orc hits you with a +0 dagger.
* * * LOW HITPOINT WARNING * * *
The acid dragon spits acid at you. The splash of acid hits you!
* * * LOW HITPOINT WARNING * * *
Okay, then.
You closely miss the orc. The orc hits you with a +0 dagger.
* * * LOW HITPOINT WARNING * * *
You sock the orc!
You kill the orc!
The acid dragon spits acid at you. The splash of acid hits you!!
You die...

..########
##.##.##.#####....
)........# #.##.##.#
#.... .........#
####..#....# #....
.........#
#.....#.#### #....
.........#####.###.#.#
#.##+
.....................#
#....
.........#####.#.#...#
#..## ...#######
#.#.#...# #..#. .#.#
#.#@#.D.# #..#. ...#
#.#)#..># ##.#. .#.#
#.#D..### #.## ...#
#.##### #... .###
#.### ###. ## #...# #.
###.###### #. #......#
#. ######.# #.


You could see an acid dragon (catching breath).

Vanquished Creatures
  Menkaure (D:4)
  An ice beast (D:5)
  An ogre (D:4)
  2 bullfrogs (Sewer)
  4 scorpions
  A killer bee (D:4)
  3 hounds (D:4)
  An iguana (D:4)
  An orc wizard (D:4)
  13 adders
  An ufetubus (D:4)
  3 worms
  3 dart slugs
  8 orcs
  17 ball pythons
  5 bats
  14 endoplasms
  10 giant cockroaches
  7 goblins
  8 hobgoblins
  3 jackals (D:1)
  11 quokkas
  6 frilled lizards
  4 kobolds
  8 rats
136 creatures vanquished.

Notes
Turn   | Place    | Note
-------+----------+-------------------------------------------
     0 | D:1      | siradein the Mummy Fighter began the quest for the Orb.
     0 | D:1      | Reached XP level 1. HP: 18/18 MP: 1/1
   160 | D:1      | Reached XP level 2. HP: 24/24 MP: 2/2
  1005 | D:2      | Found a radiant altar of Vehumet.
  1032 | D:2      | Gained mutation: You are in touch with the powers of death.
                  | [Mummy growth]
  1032 | D:2      | Reached XP level 3. HP: 29/29 MP: 3/3
  1223 | D:2      | Identified the +10 quarterstaff of Trauma {speed, rF+
                  | Dex+3}
  1420 | D:2      | Found a faded altar of an unknown god.
  1426 | D:2      | Reached XP level 4. HP: 33/36 MP: 4/4
  2001 | D:3      | Found a glowing drain.
  2022 | Sewer    | Entered a sewer
  2184 | Sewer    | Reached XP level 5. HP: 42/42 MP: 5/5
  2341 | Sewer    | Reached skill level 4 in Fighting
  2345 | Sewer    | Reached XP level 6. HP: 17/48 MP: 6/6
  2794 | D:3      | Found Ajas's Weapon Emporium.
  3028 | D:4      | Noticed Menkaure
  3044 | D:4      | Killed Menkaure
  3117 | D:4      | Reached XP level 7. HP: 55/55 MP: 7/7
  3309 | D:4      | Reached skill level 5 in Fighting
  3483 | D:4      | Found a burning altar of Makhleb.
  3484 | D:4      | Found an ornate altar of the Wu Jian Council.
  3902 | D:5      | Entered Level 5 of the Dungeon
  4013 | D:4      | Reached XP level 8. HP: 15/64 MP: 8/8
  4265 | D:4      | Reached skill level 6 in Fighting
  4372 | D:4      | HP: 3/64 [acid dragon/splash of acid (16)]
  4375 | D:4      | HP: 1/64 [orc/+0 dagger (3)]
  4377 | D:4      | Killed from afar by an acid dragon

Illustrated notes

Levels and vault maps discovered:
D:1:      minmay_arrival_stair_chambers, layout_basic, serial_aquarium,
          aquarium_bridge_straight [aquarium_subvault_bridge,
          aquarium_subvault_window, aquarium_subvault_bridge,
          aquarium_subvault_wall], aquarium_window_1,
          aquarium_window_corridor_3, aquarium_view_2f
D:2:      layout_loops_corners, nicolae_ecumenical_snake_handling, basic_altar,
          kennysheep_small_spiral, minmay_misc_feat_doors,
          minmay_indecisive_spiral
D:3:      layout_rooms, serial_shops, nicolae_shop_bloodbath_and_beyond,
          portal_sewer_entry_f, minmay_misc_feat_iff
D:4:      layout_basic, gammafunk_temple_overflow_statue, glass_columns_a,
          minmay_misc_feat_room, st_stairs_4, uniq_menkaure
D:5:      cheibrodos_fzero, layout_rooms, mainiacjoe_overflow_surrounded_room,
          serial_shops, shop, minivault_26, minmay_bent

Skill      XL: |  1  2  3  4  5  6  7  8 |
---------------+-------------------------+-----
Maces & Flails | 2 3 4 |  4.5
Shields        | 3 |  3.5
Armour         | 3 4 |  4.9
Fighting       | 4 5 6 |  6.0

Action                   |  1- 3 |  4- 6 |  7- 9 || total
-------------------------+-------+-------+-------++-------
Melee: Flail             |   100 |       |       ||   100
       Quarterstaff      |     5 |   135 |    84 ||   224
Armor: Scale mail        |    41 |       |       ||    41
       Chain mail        |    13 |    67 |    40 ||   120
Dodge: Dodged            |    46 |    48 |    27 ||   121
Block: Buckler           |    13 |       |       ||    13

Table legend: (Time is in decaauts)
 A = Elapsed time spent in this place.
 B = Non-inter-level travel time spent in this place.
 C = Inter-level travel time spent in this place.
 D = Time resting spent in this place.
 E = Time spent auto-exploring this place.
 F = Levels seen in this place.
 G = Mean time per level.
                   A        B        C        D        E       F      G
               +--------+--------+--------+--------+--------+-----+--------+
         Total |   4439 |   4310 |    129 |    340 |   3154 |   6 |  739.8 |
       Dungeon |   3847 |   3718 |    129 |    340 |   2754 |   5 |  769.4 |
         Sewer |    592 |    592 |      0 |      0 |    400 |   1 |  592.0 |
               +--------+--------+--------+--------+--------+-----+--------+

Top non-repeatable levels by time:
     D:4: 1230 daAuts
     D:2: 1141 daAuts
     D:1: 872 daAuts
   Sewer: 592 daAuts
     D:3: 496 daAuts
     D:5: 105 daAuts
